 Dungeon Crawl Stone Soup version 0.30-a0-691-g754fce4c43 (webtiles) character file.

Game seed: 10239929894439996304

70016 Newt the Covert (level 14, -3/108 HPs)
             Began as a Demonspawn Gladiator on Jan 19, 2023.
             Was a High Priest of Dithmenos.
             Slain by a seven-headed hydra (12 damage)
             ... on level 1 of the Swamp.
             The game lasted 00:33:56 (23749 turns).

Newt the Covert (Demonspawn Gladiator)             Turns: 23749, Time: 00:33:57

Health: -3/108     AC:  9    Str: 18    XL:     14   Next: 92%
Magic:  15/17      EV: 17    Int: 14    God:    Dithmenos [*****.]
Gold:   448        SH: 18    Dex: 16    Spells: 13/13 levels left

rFire   + . .      SeeInvis +    b - +6 short sword (flame)
rCold   + + .      Faith    .    s - +5 kite shield of the Ancient Demons {rN+ rCorr}
rNeg    + . .      Spirit   .    M - +4 skin of Zhor {*Englaciate rC+++ SInv}
rPois   +          Reflect  .    z - +0 mask of the Dragon {Will+ Slay+3 SInv}
rElec   .          Harm     .    (cloak unavailable)
rCorr   +          Rampage  .    (no gloves)
Will    ++...      Clarity  +    (no boots)
Stlth   +++++++++                Q - amulet of regeneration
HPRegen 1.18/turn                G - +4 ring of slaying
MPRegen 0.15/turn                Z - ring of Hospitality {Fire rPois Str+2}

@: wreathed by umbra, studying Maces & Flails
A: slimy green scales 2, foul stench 3, condensation shield, weakness stinger 3,
horns 1, clarity, clever 1
a: Renounce Religion, Shadow Step, Shadow Form


You were on level 1 of the Swamp.
You worshipped Dithmenos.
Dithmenos was extremely pleased with you.
You visited 4 branches of the dungeon, and saw 19 of its levels.
You visited 1 bazaar.
You also visited: Bailey.

You collected 1827 gold pieces.
You spent 1379 gold pieces at shops.

Inventory:

Hand Weapons
 a - a +2 dagger of venom
 b - a +6 short sword of flaming (weapon)
 l - a +1 dagger of venom
 A - a +0 rapier
 C - the +0 short sword "Texyag" {freeze, rC- Will++ Int+8 Dex-3}
   (You bought it in a shop in a bazaar)

   Int:       It affects your intelligence (+8).
   Dex:       It affects your dexterity (-3).
   rC:        It makes you vulnerable to cold.
   Will:      It greatly increases your willpower.
Missiles
 i - 3 throwing nets (quivered)
 n - 4 curare-tipped darts
 w - 3 silver boomerangs
 x - 28 boomerangs
 K - 4 atropa-tipped darts
Armour
 s - the +5 kite shield of the Ancient Demons (worn) {rN+ rCorr}
   (You took it off Donald on level 2 of the Orcish Mines)

   rN:        It protects you from negative energy.
   rCorr:     It protects you from acid and corrosion.
 t - the +1 chain mail "Eduph" {*Corrode rF+ Str+2}
   (You bought it in a shop on level 2 of the Orcish Mines)

   Str:       It affects your strength (+2).
   rF:        It protects you from fire.
   *Corrode:  It may corrode you when you take damage.
 z - the +0 mask of the Dragon (worn) {Will+ Slay+3 SInv}
   (You bought it in a shop on level 9 of the Dungeon)

   Slay:      It affects your accuracy & damage with ranged weapons and melee
   (+3).
   SInv:      It lets you see invisible.
   Will:      It increases your willpower.
 I - a +0 kite shield
 M - the +4 skin of Zhor (worn) {*Englaciate rC+++ SInv}
   (You found it on level 3 of the Lair of Beasts)

   *Englaciate: It radiates cold, occasionally slowing all nearby creatures who
   are not resistant to cold.
   rC:        It renders you almost immune to cold.
   SInv:      It lets you see invisible.
 U - a +0 troll leather armour
 X - a +3 scale mail of poison resistance
Jewellery
 f - a ring of protection from fire
 r - a ring of protection from cold
 E - a ring of protection from fire
 G - a +4 ring of slaying (left hand)
 Q - an amulet of regeneration (around neck)
 Z - the ring of Hospitality (right hand) {Fire rPois Str+2}
   (You found it on level 10 of the Dungeon)

   [ring of fire]

   It enhances your fire magic.
   Str:       It affects your strength (+2).
   rF:        It protects you from fire.
   rC:        It makes you vulnerable to cold.
   rPois:     It protects you from poison.
Wands
 d - a wand of polymorph (13)
 m - a wand of digging (1)
 p - a wand of roots (17)
 y - a wand of flame (12)
 B - a wand of acid (1)
 H - a wand of charming (15)
Scrolls
 k - 3 scrolls of fog
 u - 4 scrolls of amnesia
 v - 5 scrolls of enchant armour
 F - a scroll of blinking
 L - 2 scrolls of identify
 P - 3 scrolls of teleportation
 R - a scroll of brand weapon
Potions
 c - a potion of curing
 e - 2 potions of mutation
 g - a potion of ambrosia
 h - a potion of degeneration
 j - 2 potions of heal wounds
 o - a potion of brilliance
 q - 4 potions of might
 D - 2 potions of flight
 J - a potion of haste
 N - 2 potions of magic
 O - 2 potions of resistance
 S - 2 potions of cancellation
 T - 2 potions of berserk rage
Miscellaneous
 W - a tin of tremorstones (2/2)


   Skills:
 - Level 9.0 Fighting
 - Level 9.0 Short Blades
 - Level 5.1 Throwing
 - Level 7.0 Armour
 - Level 12.0 Dodging
 - Level 14.0 Stealth
 + Level 4.4 Shields
 - Level 5.0 Invocations
 - Level 10.0 Evocations


You had 13 spell levels left.
You didn't know any spells.
Your spell library contained the following spells:

 Spells                   Type           Power      Damage    Failure   Level
 Sandblast                Erth           0%         2d4       63%         1
 Ensorcelled Hibernation  Hex/Ice        0%         N/A       77%         2
 Dazzling Flash           Conj/Hex       0%         N/A       94%         3
 Portal Projectile        Hex/Tloc       0%         N/A       94%         3
 Spider Form              Tmut/Pois      0%         N/A       94%         3
 Tukima's Dance           Hex            0%         N/A       94%         3
 Anguish                  Hex/Necr       0%         N/A       100%        4
 Animate Armour           Summ/Erth      0%         N/A       100%        4
 Leda's Liquefaction      Hex/Erth       0%         N/A       100%        4
 Petrify                  Tmut/Erth      0%         N/A       100%        4
 Agony                    Necr           0%         N/A       100%        5
 Blade Hands              Tmut           0%         N/A       100%        5
 Irradiate                Conj/Tmut      0%         3d11      100%        5
 Silence                  Hex/Air        0%         N/A       100%        5
 Summon Forest            Summ/Tloc      0%         N/A       100%        5
 Summon Mana Viper        Hex/Summ       0%         N/A       100%        5
 Iron Shot                Conj/Erth      0%         9d1       100%        6
 Statue Form              Tmut/Erth      0%         N/A       100%        6
 Summon Cactus Giant      Summ           0%         N/A       100%        6
 Dragon Form              Tmut           0%         N/A       100%        7
 Chain Lightning          Conj/Air       0%         N/A       100%        9
 Fire Storm               Conj/Fire      0%         5d1       100%        9
 Shatter                  Erth           0%         3d5*      100%        9


Dungeon Overview and Level Annotations

Branches:
Dungeon (11/15)            Temple (0/1) D:5            Lair (5/5) D:9
  Swamp (1/4) Lair:2        Snake (0/4) Lair:2        Slime (0/5) Lair:4
    Orc (2/2) D:9             Elf (0/3) Orc:2        Bailey (visited)

Altars:
Ashenzari
Cheibriados
Dithmenos
Fedhas
Trog
Vehumet
Yredelemnul
Jiyva

Shops:
D:5 *   D:7 *   D:8 [   D:9 [   D:10 !   Orc:2 *!:[

Portals:
Pandemonium: Orc:2

Annotations:
D:8 exclusion: statue


Innate Abilities, Weirdness & Mutations

You are mostly covered in slimy green scales. (AC +3)
You frequently emit foul miasma when damaged in melee.
A meltable shield of frost defends you. (SH +4)
You have a sharp stinger which inflicts weakening toxins.
You have a pair of small horns on your head.
You possess an exceptional clarity of mind.
Your mind is acute. (Int +4, Str/Dex -1)


Message History

* * * LOW HITPOINT WARNING * * *
The seven-headed hydra closely misses you.
The seven-headed hydra misses you.
The seven-headed hydra closely misses you.
The seven-headed hydra barely misses you. x2
Okay, then.
Blink to where?
Press: ? - help, Dir - move target, p - seven-headed hydra Splash!
Found a scroll of noise.
As you read the scroll of blinking, it crumbles to dust.
The five-headed hydra is no longer moving slowly.
Okay, then.
Found a pair of gloves.
The five-headed hydra looks more healthy.
An eleionoma comes into view.
You enter the shallow water.
Moving in this stuff is going to be slow.
Blink to where?
Press: ? - help, Dir - move target Splash!
An alligator comes into view.
As you read the scroll of blinking, it crumbles to dust.
You block the alligator's attack. x3; The alligator barely misses you.
A seven-headed hydra comes into view.
The alligator misses you. You block the alligator's attack.
The seven-headed hydra moves out of view.
A swamp dragon comes into view.
The seven-headed hydra barely misses you.
You block the seven-headed hydra's attack. x2
The seven-headed hydra barely misses you.
You block the seven-headed hydra's attack. x2
The seven-headed hydra closely misses you. x2
The seven-headed hydra barely misses you.
You block the seven-headed hydra's attack.
The seven-headed hydra completely misses you.
The seven-headed hydra bites you!
* * * LOW HITPOINT WARNING * * *
The seven-headed hydra bites you!
You die...

♣..♣.~~♣ ♣♣.~~~ ~♣
♣..~...♣ ♣~.~...♣
♣.~~~.♣♣♣.~~~~~.♣
♣..~~....♣..~~~~♣
♣♣~~~~~~.♣~♣>~..♣♣
♣~~~§~~~.§~~..~~.♣
..~~~~~~~t.~~~.~.~~
....?♣♣♣..tD.~♣..?..~
....♣♣♣
♣~~D@...~♣.... .♣♣♣
♣♣>.<~>~~♣♣.♣.
♣♣.§~~....♣..
♣~~~~.~~~..≈
♣♣~.....D♣♣≈
♣.♣♣♣♣♣♣≈≈≈ ♣♣♣ ♣♣


You could see 2 alligators, a seven-headed hydra, a five-headed hydra and a
swamp dragon (wandering).

Vanquished Creatures
  Donald (Orc:2)
  A bunyip (Lair:2)
  Josephine (Orc:2)
  4 hydras (Lair:5)
  3 catoblepae (Lair:5)
  An ogre mage (D:9)
  8 two-headed ogres
  2 demonspawn (Orc:2)
  A boulder beetle (Lair:3)
  A centaur warrior (D:8)
  6 orc high priests (Orc:2)
  11 death yaks
  A soul eater (Orc:2)
  Sonja (Lair:1)
  The ghost of Foxy the Chopper, a novice DgFi (D:5)
  5 orc knights
  A deep elf pyromancer (Bailey)
  7 orc sorcerers
  2 manticores (Lair:5)
  A cyclops (Orc:1)
  8 elephants (Lair:5)
  5 torpor snails
  7 black mambas
  A smoke demon (Orc:2)
  The ghost of ragingrage the Covert, a novice FeEE of Gozag (D:10)
  9 cane toads
  5 rime drakes
  5 komodo dragons
  A hellwing (Orc:2)
  A red devil (Orc:2)
  A queen bee (D:10)
  3 polar bears
  4 trolls
  Grinder (D:6)
  Prince Ribbit (D:7)
  24 blink frogs
  4 dream sheep (Lair:5)
  2 wraiths (Orc:2)
  Sigmund (D:3)
  4 wyverns
  2 slime creatures (Lair:4)
  27 yaks
  2 basilisks
  A chaos spawn (Orc:2)
  3 steam dragons
  A warg (Orc:1)
  3 nagas (Lair:2)
  A swamp worm (Swamp:1)
  16 water moccasins
  A hornet zombie (D:6)
  31 orc warriors
  A sky beast (D:6)
  2 black bears
  6 ice beasts
  5 wolves (D:9)
  4 ogres
  3 centaurs
  15 bullfrogs
  3 scorpions
  2 gnoll sergeants
  2 water moccasin zombies (D:6)
  A wyvern zombie (D:6)
  9 wights
  32 killer bees
  4 howler monkeys
  2 bullfrog zombies (D:6)
  2 centaur zombies (D:6)
  4 hounds
  A human zombie (D:6)
  16 orc priests
  4 jellies
  A hell rat (Lair:5)
  2 iguanas (D:4)
  20 orc wizards
  Natasha (D:3)
  A killer bee zombie (D:6)
  2 centaur simulacra (D:10)
  A mummy (D:6)
  Robin (D:3)
  16 gnolls
  11 adders
  A shadow imp (D:6)
  4 white imps
  3 ufetubi (D:5)
  6 worms
  2 dart slugs
  108 orcs
  7 endoplasms
  3 giant cockroaches
  15 goblins
  12 hobgoblins
  5 kobolds
  A quokka (D:4)
  7 ball pythons
  7 bats
  2 frilled lizards
  8 rats
600 creatures vanquished.

Vanquished Creatures (others)
  A bloated husk (Swamp:1)
  A yak (Lair:5)
  2 gnolls (D:7)
  11 fungi
  37 plants
52 creatures vanquished.

Grand Total: 652 creatures vanquished

Notes
Turn   | Place    | Note
-------+----------+-------------------------------------------
     0 | D:1      | Newt the Demonspawn Gladiator began the quest for the Orb.
     0 | D:1      | Reached XP level 1. HP: 16/16 MP: 1/1
   100 | D:1      | Reached skill level 1 in Stealth
   376 | D:1      | Gained mutation: You are partially covered in slimy green
                  | scales. (AC +2) [demonic ancestry]
   376 | D:1      | Reached XP level 2. HP: 22/22 MP: 2/2
   386 | D:1      | Reached skill level 2 in Stealth
  1087 | D:2      | Gained mutation: You have a small tail. [demonic ancestry]
  1087 | D:2      | Reached XP level 3. HP: 27/27 MP: 3/3
  1202 | D:2      | Reached skill level 3 in Stealth
  1535 | D:3      | Noticed Sigmund
  2518 | D:3      | Killed Sigmund
  2519 | D:3      | Reached XP level 4. HP: 30/37 MP: 4/4
  2519 | D:3      | Gained mutation: You may rarely emit foul miasma when
                  | damaged in melee. [demonic ancestry]
  2519 | D:3      | Reached XP level 5. HP: 35/42 MP: 5/5
  2635 | D:3      | Found a shadowy altar of Dithmenos.
  2803 | D:3      | Found a faded altar of an unknown god.
  2823 | D:3      | Prayed at the altar of an unknown god.
  2823 | D:3      | Became a worshipper of Dithmenos the Shadowed
  2823 | D:3      | Reached * piety under Dithmenos
  2847 | D:3      | Noticed Robin
  2902 | D:3      | Killed Robin
  2903 | D:3      | Reached XP level 6. HP: 32/48 MP: 6/6
  3066 | D:3      | Noticed Natasha
  3072 | D:3      | Killed Natasha
  3846 | D:4      | Reached ** piety under Dithmenos
  4126 | D:4      | Reached skill level 5 in Short Blades
  4126 | D:4      | Gained mutation: You have a tail ending in a sharp stinger.
                  | [demonic ancestry]
  4126 | D:4      | Reached XP level 7. HP: 54/54 MP: 7/7
  4417 | D:4      | Gained mutation: You have a pair of small horns on your
                  | head. [potion of mutation]
  4417 | D:4      | Gained mutation: Your mind is acute. (Int +4, Str/Dex -1)
                  | [potion of mutation]
  4417 | D:4      | Gained mutation: You possess an exceptional clarity of
                  | mind. [potion of mutation]
  4424 | D:4      | Found a broken altar of Ashenzari.
  4931 | D:5      | Entered Level 5 of the Dungeon
  5141 | D:5      | Reached skill level 4 in Stealth
  5143 | D:5      | Reached *** piety under Dithmenos
  5219 | D:5      | Found Zyawuf's General Store.
  5623 | D:5      | Reached skill level 5 in Stealth
  5806 | D:5      | Found a transporter.
  5806 | D:5      | Noticed Foxy's ghost (novice DgFi)
  5806 | D:5      | Identified the +8 dire flail "Demonbane" {venom, +Blink
                  | Int+2 Dex+3}
  5807 | D:5      | Found a transporter.
  5878 | D:5      | Found a staircase to the Ecumenical Temple.
  5934 | D:5      | Gained mutation: You are mostly covered in slimy green
                  | scales. (AC +3) [demonic ancestry]
  5934 | D:5      | Reached XP level 8. HP: 51/60 MP: 8/8
  5979 | D:5      | Found the +7 staff of the Meek {protect, meekguard}
  6430 | D:6      | Reached skill level 6 in Stealth
  6480 | D:6      | Reached skill level 5 in Fighting
  6515 | D:6      | Reached **** piety under Dithmenos
  6517 | D:6      | Found a basalt altar of Yredelemnul.
  6613 | D:6      | Reached skill level 1 in Invocations
  6918 | D:6      | Reached skill level 5 in Invocations
  7140 | D:6      | Noticed Grinder
  7153 | D:6      | Killed Grinder
  7154 | D:6      | Gained mutation: You sometimes emit foul miasma when
                  | damaged in melee. [demonic ancestry]
  7154 | D:6      | Reached XP level 9. HP: 64/69 MP: 12/12
  7481 | D:7      | Noticed Prince Ribbit
  7495 | D:7      | Killed Prince Ribbit
  7553 | D:7      | Reached skill level 5 in Throwing
  7683 | D:6      | Reached ***** piety under Dithmenos
  7900 | D:6      | Reached skill level 5 in Dodging
  7986 | D:7      | Found Qeesmum's General Store.
  7995 | D:7      | Bought a scroll of brand weapon for 142 gold pieces
  7995 | D:7      | Bought 6 stones for 9 gold pieces
  7995 | D:7      | Bought a scroll of identify for 30 gold pieces
  8433 | D:7      | Noticed a two-headed ogre
  8455 | D:7      | Killed a two-headed ogre
  8963 | D:7      | Found a bloodstained altar of Trog.
  9408 | D:5      | Gained mutation: You frequently emit foul miasma when
                  | damaged in melee. [demonic ancestry]
  9408 | D:5      | Reached XP level 10. HP: 58/76 MP: 8/13
  9680 | D:8      | Found a radiant altar of Vehumet.
  9783 | D:8      | Found Eble's Armour Shoppe.
  9863 | D:8      | Noticed a centaur warrior
  9872 | D:8      | Killed a centaur warrior
 10009 | D:8      | Found a blossoming altar of Fedhas.
 11630 | D:9      | Found Howkoi's Armour Shop.
 11632 | D:9      | Found a staircase to the Orcish Mines.
 11772 | D:9      | Gained mutation: A meltable shield of frost defends you.
                  | (SH +4) [demonic ancestry]
 11772 | D:9      | Reached XP level 11. HP: 86/86 MP: 14/14
 11906 | D:9      | Found a staircase to the Lair.
 12334 | D:10     | Entered Level 10 of the Dungeon
 12349 | D:10     | Found Nacibig's Distillery.
 12360 | D:10     | Noticed a two-headed ogre
 12367 | D:10     | Killed a two-headed ogre
 12387 | D:10     | Found a flagged portal.
 12449 | Bailey   | Entered a bailey
 12502 | Bailey   | Found a large runed translucent door.
 12502 | Bailey   | Found a large runed translucent door.
 12505 | Bailey   | Noticed a deep elf pyromancer
 12508 | Bailey   | Noticed an orc knight
 12551 | Bailey   | Killed an orc knight
 12579 | Bailey   | Reached skill level 7 in Stealth
 12636 | Bailey   | Killed a deep elf pyromancer
 12643 | Bailey   | Got the Codex of Terrain
 12902 | D:9      | Bought the +0 mask of the Dragon {Will+ Slay+3 SInv} for
                  | 367 gold pieces
 12902 | D:9      | Found the +0 mask of the Dragon {Will+ Slay+3 SInv}
 13067 | D:10     | Noticed ragingrage's ghost (novice FeEE)
 13126 | D:10     | Found a runed translucent gate.
 13126 | D:10     | Found a runed translucent gate.
 13126 | D:10     | Found a runed translucent gate.
 13224 | D:10     | Identified the +1 robe of Anarchy {rN++}
 13271 | D:10     | Identified the +0 long sword of Hacking and Slashing {vamp,
                  | Int+3}
 13385 | D:10     | Reached skill level 8 in Stealth
 13709 | D:10     | Killed ragingrage's ghost
 13737 | D:10     | Reached skill level 9 in Stealth
 13739 | D:10     | Reached ****** piety under Dithmenos
 13752 | D:10     | Got the ring of Hospitality {Fire rPois Str+2}
 14089 | D:5      | Killed Foxy's ghost
 14090 | D:5      | Reached skill level 10 in Stealth
 14263 | Lair:1   | Entered Level 1 of the Lair of Beasts
 14535 | Lair:1   | Gained mutation: You have a sharp stinger which inflicts
                  | weakening toxins. [demonic ancestry]
 14535 | Lair:1   | Reached XP level 12. HP: 95/95 MP: 15/15
 14793 | Lair:1   | Reached skill level 10 in Dodging
 14793 | Lair:1   | Found a snail-covered altar of Cheibriados.
 14918 | Lair:1   | Noticed Sonja
 14925 | Lair:1   | Killed Sonja
 15099 | Lair:2   | Noticed a death yak
 15101 | Lair:2   | Noticed a death yak
 15101 | Lair:2   | Noticed a death yak
 15102 | Lair:2   | Found a staircase to the Swamp.
 15103 | Lair:2   | Noticed a death yak
 15105 | Lair:2   | Noticed a death yak
 15107 | Lair:2   | Killed a death yak
 15136 | Lair:1   | Killed a death yak
 15387 | Lair:1   | Killed a death yak
 15602 | Lair:1   | Killed a death yak
 15640 | Lair:2   | Killed a death yak
 15832 | Lair:2   | Reached skill level 1 in Evocations
 15976 | Lair:2   | Reached skill level 5 in Evocations
 15997 | Lair:2   | Found a staircase to the Snake Pit.
 16226 | Lair:2   | Reached XP level 13. HP: 84/101 MP: 16/16
 16816 | Lair:3   | Found the +4 skin of Zhor {*Englaciate rC+++ SInv}
 17570 | Lair:4   | Found a staircase to the Slime Pits.
 17570 | Lair:4   | Found a viscous altar of Jiyva.
 18215 | Lair:5   | Entered Level 5 of the Lair of Beasts
 18327 | Lair:5   | Reached skill level 10 in Evocations
 18357 | Lair:5   | Reached skill level 1 in Armour
 18535 | Lair:5   | Reached skill level 5 in Armour
 18985 | Lair:5   | Reached XP level 14. HP: 90/108 MP: 17/17
 19744 | Lair:5   | Reached skill level 11 in Stealth
 20122 | Orc:1    | Entered Level 1 of the Orcish Mines
 20461 | Orc:1    | Reached skill level 12 in Stealth
 20782 | Orc:2    | Entered Level 2 of the Orcish Mines
 20811 | Orc:2    | Found a staircase to the Elven Halls.
 20835 | Orc:2    | Found a flickering gateway to a bazaar.
 20840 | Bazaar   | Entered a bazaar
 20840 | Bazaar   | Found Zyda's Distillery.
 20841 | Bazaar   | Found Wutuck's Magic Scroll Boutique.
 20849 | Bazaar   | Found Sopsera's Armour Emporium.
 20890 | Bazaar   | Found Nanih's Antique Weapon Shop.
 20894 | Bazaar   | Found Zyghaq's Book Boutique.
 20910 | Bazaar   | Bought an ichor-stained short sword for 296 gold pieces
 20910 | Bazaar   | Identified the +0 short sword "Texyag" {freeze, rC- Will++
                  | Int+8 Dex-3} (You bought it in a shop in a bazaar)
 20918 | Bazaar   | Bought a scroll of identify for 32 gold pieces
 20918 | Bazaar   | Bought a scroll of identify for 32 gold pieces
 20918 | Bazaar   | Bought a scroll of identify for 32 gold pieces
 20918 | Bazaar   | Bought a scroll of identify for 32 gold pieces
 21109 | Orc:2    | Identified the +5 kite shield of the Ancient Demons {rN+
                  | rCorr}
 21109 | Orc:2    | Noticed Donald
 21123 | Orc:2    | Killed Donald
 21389 | Orc:2    | Found Jiop's Distillery.
 21452 | Orc:2    | Reached skill level 13 in Stealth
 21484 | Orc:2    | Found Agrirch's General Store.
 21541 | Orc:2    | Bought a potion of heal wounds for 75 gold pieces
 21694 | Orc:2    | Noticed Josephine
 21713 | Orc:2    | Found Oluck's Book Boutique.
 21713 | Orc:2    | Found a one-way gate leading to the halls of Pandemonium.
 21713 | Orc:2    | Found Reteghis's Antique Armour Shop.
 21943 | Orc:2    | Killed Josephine
 22691 | Orc:2    | Reached skill level 14 in Stealth
 22898 | Orc:2    | Reached skill level 1 in Shields
 23224 | Orc:2    | Bought a faintly glowing chain mail for 332 gold pieces
 23224 | Orc:2    | Identified the +1 chain mail "Eduph" {*Corrode rF+ Str+2}
                  | (You bought it in a shop on level 2 of the Orcish Mines)
 23442 | Swamp:1  | Entered Level 1 of the Swamp
 23749 | Swamp:1  | Slain by a seven-headed hydra

Illustrated notes

Levels and vault maps discovered:
D:1:      giann_wishing_wells, layout_loops_corners, minmay_misc_feat_tiny,
          bh_walls_and_bars
D:2:      layout_rooms, minmay_between
D:3:      layout_basic, lemuel_tele_altar, serial_rivers,
          chequers_serial_rivers_room_a, chequers_serial_rivers_marsh,
          chequers_serial_rivers_large_b, chequers_serial_rivers_small_a,
          nicolae_ecumenical_snake_handling, uniq_robin, uniq_natasha,
          uniq_sigmund
D:4:      layout_basic, ashenzari_conservatory_becter
D:5:      layout_basic, minmay_temple_entry_fiery, gammafunk_ghost_smash,
          serial_shops, nicolae_diamond_shop, serial_park_tiny_pond,
          kennysheep_donut, corexii_checkpoint_a, dreamdust_wishing_well,
          grunt_ministairs_13
D:6:      layout_loops_cross, lemuel_mausoleum_altar_yredelemnul,
          hangedman_abyss_or_decor_passed, uniq_grinder
D:7:      minmay_inner_zag, layout_basic, elyvilon_altar_4,
          mainiacjoe_overflow_catwalk_spiral, serial_shops, shop,
          uniq_prince_ribbit1
D:8:      layout_gridville, vehumet_statue, kennysheep_little_box, serial_shops,
          nicolae_take_the_stairs
D:9:      layout_loops_corners, erik_lair_island, orc_david_3
D:10:     layout_loops_corners, serial_shops, shop, gammafunk_ghost_icy,
          enter_bailey_2, hive_lemuel
D:11:     layout_loops_corners, onia_ninara_cookie
Lair:1:   layout_gridlike, kennysheep_snail_temple, uniq_sonja
Lair:2:   layout_regular_city, swamp_mist, guppyfry_snake_entry_garden
Lair:3:   layout_chaotic_city, serial_rivers, chequers_serial_rivers_micro_a,
          chequers_serial_rivers_micro_d, chequers_serial_rivers_micro_e,
          chequers_serial_rivers_micro_c, chequers_serial_rivers_micro_a,
          grunt_forest_stairs_basic, hellmonk_guarded_unrand_zhor
Lair:4:   layout_cellular_growth, minmay_slime_entry_pillars, lemuel_fruit_tree,
          grunt_megastairs_1
Lair:5:   evilmike_catoblepas_cave, layout_hall_layers, st_stairs_4,
          serial_bayou_pond_c, serial_bayou_lagoon_a, grunt_megastairs_4
Swamp:1:  layout_falls_marsh, nicolae_swamp_long_stream, swamp_pool1
Orc:1:    layout_caves, basic_altar
Orc:2:    pf_orc_diabolical, layout_caves, serial_shops, bzr_entry_road,
          uniq_donald, uniq_josephine

Skill      XL: |  1  2  3  4  5  6  7  8  9 10 11 12 13 14 |
---------------+-------------------------------------------+-----
Stealth        | 1 2 3 5 6 10 14 | 14.0
Fighting       | 4 6 7 9 |  9.0
Short Blades   | 3 4 5 6 7 9 |  9.0
Dodging        | 3 4 6 8 9 12 | 12.0
Invocations    | 5 |  5.0
Throwing       | 3 5 |  5.1
Evocations     | 6 10 | 10.0
Armour         | 7 |  7.0
Shields        | 4 |  4.4

Action                   |  1- 3 |  4- 6 |  7- 9 | 10-12 | 13-15 || total
-------------------------+-------+-------+-------+-------+-------++-------
Melee: Rapier            |   110 |    54 |       |       |       ||   164
       Tailslap          |     6 |    21 |    57 |    95 |   172 ||   351
       Dagger            |       |   119 |   329 |       |       ||   448
       Punch             |       |     2 |     8 |     8 |     3 ||    21
       Headbutt          |       |       |    63 |   121 |   230 ||   414
       Short sword       |       |       |    23 |   554 |   795 ||  1372
Throw: Throwing net      |     3 |       |     3 |     1 |       ||     7
       Javelin           |     1 |     1 |       |     1 |       ||     3
       Dart              |       |       |     3 |       |     1 ||     4
Invok: Shadow Step       |       |       |     1 |     2 |     5 ||     8
Evoke: Wand              |       |       |       |     3 |     3 ||     6
  Use: Scroll            |     6 |     2 |     7 |     6 |    12 ||    33
       Potion            |     2 |       |     2 |     5 |     1 ||    10
 Stab: Sleeping          |     8 |     1 |    23 |    38 |    29 ||    99
       Distracted        |       |       |     3 |     3 |     4 ||    10
       Held in net/web   |       |       |     2 |     1 |       ||     3
Armor: Leather armour    |    33 |    53 |    51 |    24 |       ||   161
       Troll leather arm |       |       |       |    20 |     2 ||    22
       Animal skin       |       |       |       |       |    81 ||    81
Dodge: Dodged            |    71 |   130 |   175 |   283 |   355 ||  1014
       Repelled          |       |       |       |     2 |       ||     2
Block: Other             |       |       |       |    40 |    20 ||    60
       Kite shield       |       |       |       |       |   289 ||   289

Table legend: (Time is in decaauts)
 A = Elapsed time spent in this place.
 B = Non-inter-level travel time spent in this place.
 C = Inter-level travel time spent in this place.
 D = Time resting spent in this place.
 E = Time spent auto-exploring this place.
 F = Levels seen in this place.
 G = Mean time per level.
                   A        B        C        D        E       F      G
               +--------+--------+--------+--------+--------+-----+--------+
         Total |  23211 |  21696 |   1515 |   5119 |  12411 |  21 | 1105.3 |
       Dungeon |  13953 |  12811 |   1142 |   2686 |   8199 |  11 | 1268.5 |
          Lair |   5944 |   5644 |    300 |   1345 |   3283 |   5 | 1188.8 |
         Swamp |     37 |     37 |      0 |      0 |      2 |   1 |   37.0 |
  Orcish Mines |   2826 |   2755 |     71 |   1083 |    763 |   2 | 1413.0 |
        Bazaar |    109 |    109 |      0 |      0 |     57 |   1 |  109.0 |
        Bailey |    340 |    340 |      0 |      5 |    107 |   1 |  340.0 |
               +--------+--------+--------+--------+--------+-----+--------+

Top non-repeatable levels by time:
   Orc:2: 2386 daAuts
     D:5: 1869 daAuts
     D:7: 1687 daAuts
     D:9: 1610 daAuts
     D:3: 1590 daAuts
  Lair:5: 1540 daAuts
     D:2: 1452 daAuts
     D:8: 1439 daAuts
  Lair:1: 1350 daAuts
     D:6: 1283 daAuts
  Lair:2: 1249 daAuts
    D:10: 1113 daAuts
     D:4: 958 daAuts
     D:1: 947 daAuts
  Lair:4: 944 daAuts
